 Dungeon Crawl Stone Soup version 0.30-a0-956-gcec3b41aec (webtiles) character file.

Game seed: 527266027118863758

4067 oldriver the Cleaver (level 10, 0/64 HPs)
             Began as a Gargoyle Fighter on Mar 30, 2023.
             Was an Elder of Okawaru.
             Slain by a troll (3 damage)
             ... on level 9 of the Dungeon.
             The game lasted 00:09:07 (7677 turns).

oldriver the Cleaver (Gargoyle Fighter)             Turns: 7677, Time: 00:09:08

Health: 0/64       AC: 21    Str: 25    XL:     10   Next: 25%
Magic:  13/13      EV: 11    Int:  8    God:    Okawaru [****..]
Gold:   414        SH:  5    Dex: 19    Spells: 9/9 levels left

rFire   . . .      SeeInvis +    F - +0 hand axe (elec)
rCold   . . .      Faith    +    c - +0 buckler
rNeg    + + .      Spirit   .    y - +2 ring mail "Vemmiwk" {rPois rCorr Dex+4 SInv}
rPois   ∞          Reflect  .    g - +1 helmet
rElec   +          Rampage  .    b - +0 cloak
rCorr   +                        i - +0 pair of gloves
Will    .....                    o - +0 pair of boots
Stlth   ++                       C - amulet of faith
HPRegen 0.30/turn                n - ring of positive energy
MPRegen 0.13/turn                x - +6 ring of dexterity

@: no status effects
A: sickness immunity, AC +7, negative energy resistance 1, electricity
resistance, torment resistance 1, petrification resistance
a: Renounce Religion, Heroism, Finesse


You were on level 9 of the Dungeon.
You worshipped Okawaru.
Okawaru was greatly pleased with you.
You visited 2 branches of the dungeon, and saw 10 of its levels.
You also visited: Ossuary.

You collected 414 gold pieces.

Inventory:

Hand Weapons
 a - a +1 war axe
 s - a +2 antimagic spear
 F - a +0 hand axe of electrocution (weapon)
Missiles
 j - 2 throwing nets
 k - 5 javelins
 w - 6 poisoned darts
 A - 7 boomerangs (quivered)
Armour
 b - a +0 cloak (worn)
 c - a +0 buckler (worn)
 g - a +1 helmet (worn)
 i - a +0 pair of gloves (worn)
 o - a +0 pair of boots (worn)
 y - the +2 ring mail "Vemmiwk" (worn) {rPois rCorr Dex+4 SInv}
   (You found it on level 3 of the Dungeon)

   Dex:       It affects your dexterity (+4).
   rPois:     It protects you from poison.
   SInv:      It lets you see invisible.
   rCorr:     It protects you from acid and corrosion.
Jewellery
 n - a ring of positive energy (left hand)
 v - a ring of wizardry
 x - a +6 ring of dexterity (right hand)
 B - a ring of ice
 C - an amulet of faith (around neck)
Wands
 t - a wand of polymorph (25)
Scrolls
 f - 2 scrolls of magic mapping
 m - 3 scrolls of blinking
 r - a scroll of summoning
 D - a scroll of enchant weapon
 H - 3 scrolls of fog {unknown}
 I - 3 scrolls of immolation {unknown}
 J - a scroll of noise {unknown}
 L - a scroll of teleportation {unknown}
Potions
 d - 3 potions of might
 e - 3 potions of ambrosia
 h - 2 potions of magic
 l - a potion of cancellation
 p - 4 potions of brilliance
 q - 5 potions of curing
 z - 3 potions of haste
 G - a potion of degeneration
 K - a potion of attraction {unknown}
 M - 2 potions of berserk rage
 N - 2 potions of lignification
 O - a potion of heal wounds {unknown}


   Skills:
 + Level 8.3 Fighting
 * Level 9.3 Axes
 - Level 2.0 Throwing
 - Level 6.0 Armour
 - Level 1.0 Dodging
 - Level 5.0 Stealth
 - Level 3.2 Shields
 - Level 4.0 Invocations


You had 9 spell levels left.
You didn't know any spells.
Your spell library contained the following spells:

 Spells                   Type           Power      Damage    Failure   Level
 Foxfire                  Conj/Fire      0%         2x1d2     63%         1
 Ozocubu's Armour         Ice            0%         N/A       94%         3
 Portal Projectile        Hex/Tloc       0%         N/A       94%         3
 Blade Hands              Tmut           0%         N/A       100%        5
 Fireball                 Conj/Fire      0%         3d3       100%        5
 Starburst                Conj/Fire      0%         6d3       100%        6
 Ozocubu's Refrigeration  Ice            0%         4d7       100%        7
 Tukima's Dance           Hex            Unusable   N/A       N/A         3

Dungeon Overview and Level Annotations

Branches:
Dungeon (9/15)             Temple (1/1) D:6         Ossuary (visited)
   Lair: D:8-11         Orc: D:9-12

Altars:
Ashenzari
Cheibriados
Dithmenos
Elyvilon
Fedhas
Gozag
Hepliaklqana
Makhleb
Nemelex Xobeh
Okawaru
Qazlal
Ru
Trog
Uskayaw
Wu Jian
Xom
Yredelemnul
Zin
The Shining One

Annotations:
D:7 2 runed translucent doors, monoptic's ghost, novice DEEE
D:9 1 transporter


Innate Abilities, Weirdness & Mutations

You are immune to sickness and miasma.
Your stone body is resilient. (AC +7)
You are immune to poison.
You resist negative energy. (rN+)
You are resistant to electric shocks. (rElec)
You are resistant to unholy torment.
You are immune to petrification.


Message History

The gnoll sergeant hits you but does no damage.
The troll barely misses you. The troll claws you. The troll claws you!
You closely miss the troll.
The troll is moderately wounded.
You hit the gnoll sergeant but do no damage.
You hit the troll but do no damage. Lightning courses through the troll!
The troll is severely wounded.
You hit the gnoll sergeant. The gnoll sergeant barely misses you.
The troll bites you but does no damage. The troll claws you.
The troll closely misses you.
You slash the troll!
The troll is severely wounded.
You hit the gnoll sergeant but do no damage.
Lightning courses through the gnoll sergeant!
The gnoll sergeant hits you but does no damage.
The troll misses you. The troll barely misses you.
You block the troll's attack.
You barely miss the troll.
The troll is severely wounded.
You hit the gnoll sergeant.
The gnoll sergeant hits you with a +0 spear.
The troll bites you. The troll barely misses you. The troll claws you!
* * * LOW HITPOINT WARNING * * *
You hit the troll.
The troll is almost dead.
You hit the gnoll sergeant.
The gnoll sergeant hits you with a +0 spear.
* * * LOW HITPOINT WARNING * * *
The troll completely misses you. The troll barely misses you.
You block the troll's attack.
You closely miss the troll.
The troll is almost dead.
You hit the gnoll sergeant but do no damage.
Lightning courses through the gnoll sergeant!!
You kill the gnoll sergeant!
Okawaru accepts your kill. The troll bites you but does no damage.
The troll claws you.
* * * LOW HITPOINT WARNING * * *
The troll claws you.
You die...

.... #.# #....
#.# ##... .[.
.##...#.# #
#.#...#.# .#
#©#...#.# }.#
#.#....[# ...#
.##.....##..##
##..#..<@....#
#.......T)##.#
...##...#..#
.# #........
#........#
#......###
######.# .#


You could see a troll.

Vanquished Creatures
  Pikel (D:7)
  A wyvern (D:8)
  Eustachio (D:6)
  Menkaure (D:6)
  A steam dragon (D:9)
  3 water moccasins
  A sky beast (D:7)
  2 ice beasts (D:6)
  2 orc warriors (D:8)
  A centaur (D:8)
  2 ogres (D:5)
  A phantom (D:5)
  4 lemures
  3 elf zombies (Ossuary)
  A kobold brigand (D:7)
  A gnoll sergeant (D:9)
  4 bullfrogs
  2 scorpions
  5 howler monkeys
  2 human zombies (Ossuary)
  2 hounds
  4 jellies
  A centaur zombie (Ossuary)
  2 orc priests
  2 gnoll boudas
  5 iguanas
  2 sleepcaps
  9 orc wizards
  2 mummies (Ossuary)
  11 gnolls
  7 adders
  A shadow imp (D:5)
  4 white imps
  2 ufetubi
  6 dart slugs
  28 orcs
  12 ball pythons
  6 endoplasms
  2 giant cockroaches
  7 goblins
  6 hobgoblins
  8 jackals
  4 quokkas
  6 bats
  2 frilled lizards (D:1)
  A goblin zombie (Ossuary)
  10 hobgoblin zombies (Ossuary)
  2 jackal zombies (Ossuary)
  14 kobolds
  8 kobold zombies (Ossuary)
  8 orc zombies (Ossuary)
  4 rats
  2 rat zombies (Ossuary)
229 creatures vanquished.

Vanquished Creatures (others)
  A gnoll (D:9)
  2 plants (D:3)
3 creatures vanquished.

Grand Total: 232 creatures vanquished

Notes
Turn   | Place    | Note
-------+----------+-------------------------------------------
     0 | D:1      | oldriver the Gargoyle Fighter began the quest for the Orb.
     0 | D:1      | Reached XP level 1. HP: 14/14 MP: 1/1
    60 | D:1      | Reached skill level 2 in Axes
   101 | D:1      | Reached XP level 2. HP: 19/19 MP: 2/2
   464 | D:1      | Reached XP level 3. HP: 24/24 MP: 3/3
   894 | D:1      | Reached skill level 3 in Axes
  1048 | D:2      | Reached XP level 4. HP: 28/29 MP: 4/4
  1240 | D:2      | Found a faded altar of an unknown god.
  1626 | D:3      | Found an opulent altar of Gozag.
  1701 | D:3      | Reached XP level 5. HP: 33/33 MP: 5/5
  1712 | D:3      | Identified the +2 ring mail "Vemmiwk" {rPois rCorr Dex+4
                  | SInv}
  1772 | D:3      | Reached skill level 1 in Stealth
  1885 | D:3      | Reached skill level 1 in Dodging
  2129 | D:3      | Found an ornate altar of the Wu Jian Council.
  2467 | D:4      | Reached skill level 4 in Axes
  2467 | D:4      | Reached XP level 6. HP: 35/39 MP: 6/6
  2989 | D:5      | Entered Level 5 of the Dungeon
  3103 | D:5      | Reached XP level 7. HP: 36/44 MP: 7/7
  3151 | D:5      | Reached skill level 5 in Fighting
  3246 | D:5      | Reached skill level 5 in Axes
  3297 | D:5      | Reached skill level 1 in Throwing
  3365 | D:5      | Reached XP level 8. HP: 11/50 MP: 8/8
  3636 | D:5      | Reached skill level 5 in Armour
  3904 | D:6      | Noticed Menkaure
  3905 | D:6      | Found a staircase to the Ecumenical Temple.
  3919 | D:6      | Killed Menkaure
  3929 | Temple   | Entered the Ecumenical Temple
  4173 | Temple   | Became a worshipper of Warmaster Okawaru
  4269 | D:6      | Reached skill level 6 in Axes
  4334 | D:6      | Noticed Eustachio
  4355 | D:6      | Reached skill level 1 in Invocations
  4382 | D:6      | Killed Eustachio
  4382 | D:6      | Reached * piety under Okawaru
  4448 | D:6      | Reached skill level 5 in Stealth
  4448 | D:6      | Reached XP level 9. HP: 55/55 MP: 10/10
  4486 | D:6      | Found a snail-covered altar of Cheibriados.
  4488 | D:6      | Found a burning altar of Makhleb.
  5029 | D:7      | Reached ** piety under Okawaru
  5036 | D:7      | Reached skill level 7 in Axes
  5187 | D:7      | Noticed Pikel
  5278 | D:7      | Killed Pikel
  5502 | D:7      | Found a large runed translucent door.
  5504 | D:7      | Found a large runed translucent door.
  5509 | D:7      | Noticed monoptic's ghost (novice DEEE)
  6110 | D:7      | Reached skill level 8 in Axes
  6110 | D:7      | Reached *** piety under Okawaru
  6220 | D:8      | Identified the +1 leather armour "Ifaosim" {Str+2}
  6223 | D:8      | Found a blossoming altar of Fedhas.
  6266 | D:8      | Found a sand-covered staircase.
  6273 | Ossuary  | Entered an ossuary
  6526 | Ossuary  | Reached XP level 10. HP: 59/64 MP: 13/13
  6638 | D:8      | Reached skill level 9 in Axes
  6645 | D:8      | Reached **** piety under Okawaru
  7112 | D:8      | Found a shimmering altar of Xom.
  7112 | D:8      | Found a glowing golden altar of the Shining One.
  7652 | D:9      | Found a transporter.
  7677 | D:9      | HP: 3/64 [troll (4)]
  7677 | D:9      | Slain by a troll

Illustrated notes

Levels and vault maps discovered:
D:1:      dpeg_arrival_signposts, layout_basic
D:2:      layout_rooms, hellmonk_ecumenical_altar_leap_of_faith,
          grunt_decor_mini_mirrors
D:3:      layout_rooms, mainiacjoe_overflow_small_starburst,
          nicolae_wu_jian_immortal_techniques, serial_forest,
          infiniplex_forest_clump_small, infiniplex_forest_clump_long,
          infiniplex_forest_lined_4_way, infiniplex_forest_straight_2,
          infiniplex_forest_clump_diagonal, infiniplex_forest_zigzag_1,
          infiniplex_forest_straight_5
D:4:      layout_cave_pools, wad_orctagon
D:5:      layout_rooms, nrook_mini_backslash
D:6:      layout_basic, jmf_multi_god_temple, uniq_menkaure, uniq_eustachio
D:7:      nicolae_cairo_tiling, layout_layer_cave, ebering_ghost_disaster_area,
          minmay_increasing_density, uniq_pikel
D:8:      layout_layer_cave, fedhas_ov_isle_minmay,
          amethyst_overflow_temple_binary, nicolae_ossuary_entry_monument,
          minmay_misc_feat_hallway, chequers_serial_rivers_small_a
D:9:      layout_basic, palyth_temple_overflow_mages, dpeg_oklobed_lair,
          nzn_ghost_randoct, uniq_harold, uniq_maurice
Temple:   hc_temple_tempest_star

Skill      XL: |  1  2  3  4  5  6  7  8  9 10 |
---------------+-------------------------------+-----
Axes           | 2 3 4 5 6 8 9 |  9.3
Fighting       | 4 5 6 7 8 |  8.3
Stealth        | 1 3 5 |  5.0
Dodging        | 1 |  1.0
Armour         | 4 5 6 |  6.0
Throwing       | 1 2 |  2.0
Invocations    | 2 4 |  4.0
Shields        | |  3.2

Action                     |  1- 3 |  4- 6 |  7- 9 | 10-12 || total
---------------------------+-------+-------+-------+-------++-------
  Melee: War axe           |    91 |   204 |   164 |       ||   459
         Hand axe          |       |       |   251 |    88 ||   339
  Throw: Boomerang         |       |       |     3 |       ||     3
    Use: Scroll            |       |    10 |       |     4 ||    14
         Potion            |       |       |     6 |       ||     6
   Stab: Invisible         |       |       |     3 |       ||     3
         Sleeping          |       |       |     8 |       ||     8
 Armour: Scale mail        |    41 |    72 |       |       ||   113
         Ring mail         |       |    59 |   229 |    54 ||   342
  Dodge: Dodged            |    62 |   107 |   183 |    54 ||   406
  Block: Buckler           |    14 |    51 |    99 |    24 ||   188

Table legend: (Time is in decaauts)
 A = Elapsed time spent in this place.
 B = Non-inter-level travel time spent in this place.
 C = Inter-level travel time spent in this place.
 D = Time resting spent in this place.
 E = Time spent auto-exploring this place.
 F = Levels seen in this place.
 G = Mean time per level.
                   A        B        C        D        E       F      G
               +--------+--------+--------+--------+--------+-----+--------+
         Total |   7816 |   7423 |    393 |    368 |   5319 |  11 |  710.5 |
       Dungeon |   7284 |   6921 |    363 |    368 |   5002 |   9 |  809.3 |
        Temple |    261 |    231 |     30 |      0 |    215 |   1 |  261.0 |
       Ossuary |    269 |    269 |      0 |      0 |    102 |   1 |  269.0 |
               +--------+--------+--------+--------+--------+-----+--------+

Top non-repeatable levels by time:
     D:7: 1412 daAuts
     D:8: 1165 daAuts
     D:1: 961 daAuts
     D:4: 865 daAuts
     D:5: 863 daAuts
     D:3: 774 daAuts
     D:6: 677 daAuts
     D:2: 541 daAuts
 Ossuary: 269 daAuts
  Temple: 261 daAuts
     D:9: 22 daAuts
